 Dungeon Crawl Stone Soup version 0.27.1-2-g3b301248ec (webtiles) character file.

Game seed: 5226528363198479064

166646 Rickety the Warlock (level 17, -4/133 HPs)
             Began as a Gnoll Conjurer on Sept 26, 2021.
             Was a High Priest of Vehumet.
             Succumbed to a swamp dragon's poison gas
             ... on level 1 of the Swamp.
             The game lasted 03:29:24 (46146 turns).

Rickety the Warlock (Gnoll Conjurer)               Turns: 46146, Time: 03:29:24

Health: -4/133     AC: 12    Str:  8    XL:     17   Next: 90%
Magic:  0/33       EV: 16    Int: 29    God:    Vehumet [*****.]
Gold:   3443       SH:  6    Dex: 11    Spells: 7/41 levels left

rFire    . . .     SeeInvis .   a - staff of conjuration
rCold    . . .     Faith    .   A - +0 buckler
rNeg     . . .     Spirit   .   s - +0 troll leather armour
rPois    .         Reflect  .   (no helmet)
rElec    .         Harm     .   l - +1 cloak
rCorr    .         Rampage  .   Q - +0 pair of gloves
Will     +....                  t - +1 pair of boots
Stlth    +++++.....             D - amulet of the acrobat
HPRegen  1.32/turn              g - +6 ring of intelligence
MPRegen  0.23/turn              P - ring of wizardry

@: lethally poisoned (-4 -> -46), studying Fire Magic
A: fangs 1, strong nose, distributed training, screaming 1
a: Renounce Religion


You were on level 1 of the Swamp.
You worshipped Vehumet.
Vehumet was extremely pleased with you.
You visited 7 branches of the dungeon, and saw 29 of its levels.
You also visited: Ossuary and Bailey.

You collected 3863 gold pieces.
You spent 420 gold pieces at shops.

Inventory:

Hand Weapons
 b - a +3 dagger of venom
 r - a +0 dagger of holy wrath
Missiles
 n - 108 poisoned darts
 u - 10 curare-tipped darts
 S - 3 throwing nets
Armour
 l - a +1 cloak (worn)
 s - a +0 troll leather armour (worn)
 t - a +1 pair of boots (worn)
 x - a +2 leather armour of cold resistance
 z - the +2 pair of gloves "Intiuwah" {rF++ rC- rN+ Slay+5}
   (You found it on level 4 of the Lair of Beasts)

   Slay:      It affects your accuracy & damage with ranged weapons and melee
   (+5).
   rF:        It greatly protects you from fire.
   rC:        It makes you vulnerable to cold.
   rN:        It protects you from negative energy.
 A - a +0 buckler (worn)
 M - a +2 robe of positive energy
 Q - a +0 pair of gloves (worn)
Magical Staves
 a - a staff of conjuration (weapon)
Jewellery
 e - a ring of protection from cold
 g - a +6 ring of intelligence (left hand)
 j - a ring of willpower
 p - a ring of fire
 y - a ring of flight
 D - an amulet of the acrobat (around neck)
 G - a ring of poison resistance
 H - a ring of see invisible
 P - a ring of wizardry (right hand)
 Z - a ring of willpower
Wands
 m - a wand of polymorph (64)
 C - a wand of iceblast (53)
 E - a wand of paralysis (31)
 F - a wand of flame (80)
 T - a wand of acid (8)
 U - a wand of digging (12)
Scrolls
 c - 3 scrolls of fog
 k - 2 scrolls of holy word
 v - 2 scrolls of blinking
 w - 10 scrolls of teleportation
 B - a scroll of enchant weapon
 K - 2 scrolls of fear
 N - a scroll of acquirement {unknown}
Potions
 d - 8 potions of lignification
 f - 10 potions of brilliance
 h - a potion of magic
 i - 5 potions of haste
 o - a potion of berserk rage
 q - 8 potions of ambrosia
 I - 10 potions of curing
 L - a potion of mutation
 R - a potion of cancellation
 W - 2 potions of resistance
Miscellaneous
 V - a lightning rod (4/4)
 X - a tin of tremorstones (2/2)
 Y - a phial of floods


   Skills:
 + Level 11.8 Fighting
 + Level 11.8 Short Blades
 + Level 11.8 Long Blades
 + Level 11.8 Axes
 + Level 11.8 Maces & Flails
 + Level 11.8 Polearms
 + Level 11.8 Staves
 + Level 11.8 Slings
 + Level 11.8 Bows
 + Level 11.8 Crossbows
 + Level 11.8 Throwing
 + Level 11.8 Armour
 + Level 12.5 Dodging
 + Level 12.4 Stealth
 + Level 11.8 Shields
 + Level 11.8 Unarmed Combat
 + Level 12.6 Spellcasting
 + Level 12.1 Conjurations
 + Level 10.1 Hexes
 + Level 10.1 Summonings
 + Level 10.1 Necromancy
 + Level 10.1 Translocations
 + Level 10.1 Transmutations
 + Level 11.6 Fire Magic
 + Level 10.1 Ice Magic
 + Level 10.1 Air Magic
 + Level 10.1 Earth Magic
 + Level 10.1 Poison Magic
 + Level 12.7 Invocations
 + Level 11.8 Evocations


You had 7 spell levels left.
You knew the following spells:

 Your Spells              Type           Power      Damage    Failure   Level
a - Magic Dart            Conj           100%       1d8       1%          1
d - Dazzling Flash        Conj/Hex       100%       N/A       1%          3
h - Hailstorm             Conj/Ice       90%        3d18      1%          4
i - Invisibility          Hex            33%        N/A       3%          6
k - Iskenderun's Mystic   Conj/Tloc      90%        2d18      1%          4
n - Fulminant Prism       Conj/Hex       45%        3d21      1%          4
o - Foxfire               Conj/Fire      100%       2x1d9     1%          1
r - Searing Ray           Conj           100%       3d7       1%          2
s - Iron Shot             Conj/Erth      45%        9d9       1%          6
w - Swiftness             Air            67%        N/A       1%          3

Your spell library contained the following spells:

 Spells                   Type           Power      Damage    Failure   Level
 Lehudib's Crystal Spear  Conj/Erth      45%        10d11     24%         8
 Sandblast                Erth           100%       2d20      1%          1
 Shock                    Conj/Air       100%       1d9       1%          1
 Corpse Rot               Necr/Air       N/A        N/A       1%          2
 Passwall                 Tmut/Erth      55%        N/A       1%          2
 Poisonous Vapours        Pois/Air       100%       N/A       1%          2
 Slow                     Hex            67%        N/A       1%          2
 Confusing Touch          Hex            67%        N/A       1%          3
 Frozen Ramparts          Ice            100%       1d12      1%          3
 Gell's Gravitas          Tloc           33%        N/A       1%          3
 Teleport Other           Tloc           67%        N/A       1%          3
 Tukima's Dance           Hex            67%        N/A       1%          3
 Airstrike                Air            33%        N/A       1%          4
 Dispel Undead            Necr           67%        3d23      1%          4
 Ice Form                 Ice/Tmut       67%        N/A       1%          4
 Passage of Golubria      Tloc           N/A        N/A       1%          4
 Summon Ice Beast         Ice/Summ       67%        N/A       1%          4
 Alistair's Intoxication  Tmut/Pois      44%        N/A       1%          5
 Borgnjor's Vile Clutch   Necr/Erth      33%        N/A       1%          5
 Fireball                 Conj/Fire      46%        3d18      1%          5
 Freezing Cloud           Conj/Ice/Air   44%        6-21      1%          5
 Lee's Rapid Deconstruct  Erth           33%        3d18*     1%          5
 Yara's Violent Unravell  Hex/Tmut       33%        3d14      1%          5
 Eringya's Noxious Bog    Tmut/Pois      33%        N/A       1%          6
 Starburst                Conj/Fire      46%        6d13      1%          6
 Death Channel            Necr           33%        N/A       3%          6
 Dispersal                Tloc           33%        N/A       3%          6
 Ignition                 Fire           36%        3d11      21%         8


Dungeon Overview and Level Annotations

Branches:
Dungeon (15/15)            Temple (1/1) D:7            Lair (6/6) D:9
  Swamp (2/4) Lair:2        Snake (2/4) Lair:3        Slime (0/5) Lair:5
    Orc (2/2) D:9             Elf (1/3) Orc:2        Vaults (0/5) D:14
 Depths (0/5) D:15        Ossuary (visited)          Bailey (visited)

Altars:
Ashenzari
Cheibriados
Dithmenos
Elyvilon
Fedhas
Gozag
Hepliaklqana
Kikubaaqudgha
Makhleb
Nemelex Xobeh
Okawaru
Qazlal
Ru
Sif Muna
Trog
Uskayaw
Vehumet
Wu Jian
Xom
Yredelemnul
Zin
The Shining One
Beogh
Jiyva

Shops:
D:7 *   Orc:2 (*[!:

Portals:
Bazaar: D:14

Annotations:
D:8 2 transporters, JBAR's ghost, novice MiFi
D:9 3 runed translucent doors
D:14 3 runed translucent doors, Cicylist's ghost, journeyman FoFi
Lair:4 1 runed translucent door, 2 transporters, Fuzxylutt's ghost, journeyman FeIE
Lair:6 1 runed translucent door
Orc:2 Saint Roka
Elf:1 6 runed translucent doors


Innate Abilities, Weirdness & Mutations

You have very sharp teeth.
Your uncanny sense of smell can sniff out nearby items.
Your experience applies equally to all skills.
You occasionally shout uncontrollably at your foes.


Message History

You are engulfed in poison gas.
You are more poisoned.
You feel very sick.
Your fulminant prism explodes!
The blast of energy engulfs the swamp dragon!!
The swamp dragon is almost dead.
The swamp dragon bites you but does no damage.
The swamp dragon barely misses you. The swamp dragon tramples you.
You hold your ground!
Casting: Fulminant Prism (safe; 1% risk of failure)
Confirm with . or Enter, or press ? or * to list all spells.
You don't know that spell.
You are engulfed in poison gas.
You are more poisoned.
* * * LOW HITPOINT WARNING * * *
You feel extremely sick.
You feel much better.
You are engulfed in poison gas.
You are more poisoned.
* * * LOW HITPOINT WARNING * * *
You feel extremely sick. The swamp dragon closely misses you.
You block the swamp dragon's attack.
The swamp dragon tramples you but does no damage.
Casting: Fulminant Prism (safe; 1% risk of failure)
Confirm with . or Enter, or press ? or * to list all spells.
Aiming: Iron Shot (mildly dangerous; 1% risk of failure)
Press: ? - help, Shift-Dir - straight line, f - swamp dragon
Aim: a swamp dragon (poison gas, almost dead, 87% to hit)
You feel a surge of power!
The iron shot misses the swamp dragon.
You are engulfed in poison gas.
You are lethally poisoned!
* * * LOW HITPOINT WARNING * * *
x2 You feel extremely sick.
The swamp dragon bites you!
* * * LOW HITPOINT WARNING * * *
The swamp dragon claws you but does no damage.
You block the swamp dragon's attack.
Okay, then.
Blink to where?
Press: ? - help, Dir - move target, p - swamp dragon
As you read the scroll of blinking, it crumbles to dust.
You die...

♣♣≈≈>♣ ♣.♣♣..≈♣♣♣♣♣
♣.≈≈♣ ♣§...≈≈.≈..♣♣♣♣
♣≈≈≈♣♣ ♣♣D°.≈♣≈≈§≈....♣
♣♣.≈..♣
♣♣°.≈.≈≈≈♣≈§..≈.≈
♣.....♣
♣.≈≈§.≈≈§≈.≈.♣≈.§
♣♣..♣.♣
♣.....§...≈§.)♣♣≈
♣.♣♣.♣♣♣.≈≈.≈.≈≈♣§..≈♣♣.
♣.♣♣≈♣♣.≈§♣≈≈.≈.≈≈.§≈♣♣♣
♣.♣♣≈♣♣@≈...≈≈.≈.≈.≈≈≈♣♣
♣...≈♣♣.≈≈≈≈≈≈.≈.≈.≈≈≈♣♣
♣.§≈≈♣♣.≈≈≈.≈≈...§.§..♣≈
♣♣.≈.♣♣≈≈..≈..≈≈♣≈≈≈≈...
♣.≈≈♣....≈≈≈≈.≈≈≈≈≈≈≈≈≈
♣≈≈.♣.§♣≈≈.≈.≈..≈≈≈≈>.≈
♣^≈≈♣.≈≈≈≈≈≈.≈≈..≈..≈≈≈
♣.≈.♣[≈≈≈..≈♣≈♣≈≈..≈≈≈≈
♣.≈≈..≈...≈≈...≈≈♣≈≈≈≈≈


You could see a swamp dragon.

Vanquished Creatures
  Frances (D:13)
  An orc warlord (Orc:2)
  2 ghouls
  2 deep elf demonologists (Elf:1)
  2 bunyips
  An ettin (D:15)
  3 eleionomae
  2 deep elf high priests (Elf:1)
  2 naga warriors (Snake:2)
  Erolcha (D:12)
  Harold (D:8)
  A fire dragon (D:10)
  12 hydras
  6 boulder beetles
  An anaconda (Snake:1)
  2 ghost crabs
  A death knight (D:12)
  Erica (D:11)
  7 two-headed ogres
  5 centaur warriors
  4 dancing weapons (Elf:1)
  An alligator (Lair:6)
  3 tengu warriors
  Urug (D:14)
  4 death yaks (Lair:6)
  A shock serpent (Snake:1)
  3 deep elf knights (Elf:1)
  2 orc high priests
  8 spriggans
  2 goliath frogs
  2 sea snakes (Snake:1)
  2 spriggan druids
  A naga ritualist (Snake:2)
  4 bog bodies
  8 deep elf archers (Elf:1)
  A wolf spider zombie (D:8)
  A wizard (D:15)
  Pikel (D:8)
  11 orc knights
  A necromancer (D:15)
  10 deep elf pyromancers
  8 deep elf zephyrmancers (Elf:1)
  2 lindwurms (Lair:6)
  A mana viper (Snake:2)
  5 orc sorcerers
  2 wolf spiders (D:15)
  A salamander (Snake:2)
  5 cyclopes
  13 elephants
  13 ugly things
  6 torpor snails
  3 naga magi
  13 black mambas
  2 gargoyles
  3 centaur skeletons (D:8)
  A cane toad (shapeshifter) (D:9)
  12 cane toads
  An unseen horror (D:11)
  8 komodo dragons
  Maggie (D:7)
  2 rime drakes
  2 hellwings (D:8)
  9 trolls
  A queen bee (Lair:5)
  3 meliai (Lair:5)
  13 polar bears
  15 hornets
  11 tyrant leeches
  A meliai zombie (D:8)
  6 slime creatures
  15 blink frogs
  A blink frog (shapeshifter) (D:13)
  2 raiju
  A shapeshifter (D:15)
  3 air elementals (Elf:1)
  3 vampires
  5 wyverns
  2 wraiths
  A shadow (D:9)
  57 yaks
  6 fire bats (D:10)
  A fire elemental (Elf:1)
  21 humans
  2 water elementals (Elf:1)
  Eustachio (D:4)
  A golden eye (shapeshifter) (D:9)
  A human (shapeshifter) (Elf:1)
  6 basilisks
  A steam dragon (Lair:3)
  15 vampire mosquitoes
  Menkaure (D:6)
  Edmund (D:5)
  3 swamp worms (Swamp:1)
  9 wargs
  8 nagas
  3 acid dragons
  13 hell hounds (Lair:6)
  49 orc warriors
  25 water moccasins
  3 ice beasts
  3 sky beasts
  15 black bears
  A hornet zombie (D:7)
  2 necrophages
  6 ogres
  5 boggarts (D:15)
  29 wolves
  6 centaurs
  2 lemures (D:8)
  A phantom (D:5)
  Blork the orc (D:5)
  10 bullfrogs
  A kobold brigand (D:9)
  A wyvern zombie (D:7)
  7 scorpions
  An earth elemental (Elf:1)
  A water moccasin zombie (D:7)
  A wyvern skeleton (D:6)
  34 killer bees
  6 electric eels
  4 howler monkeys
  A bullfrog zombie (D:6)
  A bullfrog skeleton (D:6)
  6 centaur zombies
  5 jellies
  4 hounds
  3 human zombies (Ossuary)
  11 orc priests
  5 hell rats (Lair:3)
  19 orc wizards
  Ijyb (D:5)
  A centaur simulacrum (D:7)
  2 mummies (Ossuary)
  A howler monkey skeleton (D:4)
  2 adders
  9 gnolls
  5 shadow imps (D:8)
  4 white imps (D:7)
  An adder skeleton (D:4)
  An adder zombie (D:5)
  2 worms
  The ghost of Icepheonix32 the Sneak, a weakling KoDe (D:7)
  79 orcs
  6 bats
  5 endoplasms
  A giant cockroach (D:3)
  8 goblins
  3 hobgoblins
  8 quokkas
  6 ball pythons
  4 frilled lizards
  A goblin zombie (Ossuary)
  7 hobgoblin zombies (Ossuary)
  A jackal zombie (Ossuary)
  5 kobolds
  11 kobold zombies (Ossuary)
  9 orc zombies (Ossuary)
  A quokka skeleton (D:4)
  7 rats
  3 rat zombies (Ossuary)
  3 foxfires
  6 fulminant prisms
944 creatures vanquished.

Vanquished Creatures (others)
  An orc (D:9)
  59 foxfires
  465 fulminant prisms
  90 fungi
  150 plants
  6 withered plants (D:8)
771 creatures vanquished.

Grand Total: 1715 creatures vanquished

Notes
Turn   | Place    | Note
-------+----------+-------------------------------------------
     0 | D:1      | Rickety the Gnoll Conjurer began the quest for the Orb.
     0 | D:1      | Reached XP level 1. HP: 13/13 MP: 6/6
    74 | D:1      | You fall into a shaft and drop 1 floor!
   298 | D:1      | Reached XP level 2. HP: 19/19 MP: 5/7
   317 | D:1      | Learned a level 2 spell: Searing Ray
   559 | D:1      | Found a faded altar of an unknown god.
  1113 | D:2      | Reached XP level 3. HP: 25/25 MP: 6/9
  1117 | D:2      | Learned a level 3 spell: Dazzling Flash
  1319 | D:2      | Reached skill level 5 in Spellcasting
  1886 | D:3      | Reached skill level 1 in Invocations
  1967 | D:3      | Reached skill level 1 in Fighting
  1967 | D:3      | Reached skill level 1 in Short Blades
  1967 | D:3      | Reached skill level 1 in Long Blades
  1967 | D:3      | Reached skill level 1 in Axes
  1967 | D:3      | Reached skill level 1 in Maces & Flails
  1967 | D:3      | Reached skill level 1 in Polearms
  1967 | D:3      | Reached skill level 1 in Staves
  1967 | D:3      | Reached skill level 1 in Slings
  1967 | D:3      | Reached skill level 1 in Bows
  1967 | D:3      | Reached skill level 1 in Crossbows
  1967 | D:3      | Reached skill level 1 in Throwing
  1967 | D:3      | Reached skill level 1 in Armour
  1967 | D:3      | Reached skill level 1 in Shields
  1967 | D:3      | Reached skill level 1 in Unarmed Combat
  1967 | D:3      | Reached skill level 1 in Evocations
  1970 | D:3      | Reached XP level 4. HP: 28/32 MP: 4/11
  2389 | D:3      | Reached skill level 1 in Hexes
  2389 | D:3      | Reached skill level 1 in Summonings
  2389 | D:3      | Reached skill level 1 in Necromancy
  2389 | D:3      | Reached skill level 1 in Translocations
  2389 | D:3      | Reached skill level 1 in Transmutations
  2389 | D:3      | Reached skill level 1 in Fire Magic
  2389 | D:3      | Reached skill level 1 in Ice Magic
  2389 | D:3      | Reached skill level 1 in Air Magic
  2389 | D:3      | Reached skill level 1 in Earth Magic
  2389 | D:3      | Reached skill level 1 in Poison Magic
  3046 | D:4      | Noticed a necrophage
  3052 | D:4      | Killed a necrophage
  3053 | D:4      | Reached XP level 5. HP: 37/37 MP: 4/12
  3117 | D:4      | Reached XP level 6. HP: 44/44 MP: 9/13
  3173 | D:4      | Reached skill level 5 in Dodging
  3440 | D:4      | Noticed Eustachio
  3449 | D:4      | Killed Eustachio
  3450 | D:4      | Reached XP level 7. HP: 33/51 MP: 6/15
  3664 | D:4      | Identified the +2 plate armour of the Land of Plenty {SInv}
  4454 | D:5      | Entered Level 5 of the Dungeon
  4529 | D:5      | Noticed Blork the orc
  4532 | D:5      | Reached skill level 5 in Stealth
  4538 | D:5      | Killed Blork the orc
  4760 | D:5      | Reached XP level 8. HP: 56/57 MP: 10/16
  4800 | D:5      | Learned a level 4 spell: Fulminant Prism
  4805 | D:5      | Learned a level 4 spell: Iskenderun's Mystic Blast
  5155 | D:5      | Found a snail-covered altar of Cheibriados.
  5402 | D:5      | Found a radiant altar of Vehumet.
  5402 | D:5      | Found a stormy altar of Qazlal.
  5405 | D:5      | Found a basalt altar of Yredelemnul.
  5407 | D:5      | Found an ancient bone altar of Kikubaaqudgha.
  5409 | D:5      | Became a worshipper of Vehumet
  5412 | D:5      | Found a shimmering blue altar of Sif Muna.
  5412 | D:5      | Found a shimmering altar of Xom.
  5412 | D:5      | Found a broken altar of Ashenzari.
  5413 | D:5      | Found a white marble altar of Elyvilon.
  5414 | D:5      | Found an opulent altar of Gozag.
  5416 | D:5      | Found an ornate altar of the Wu Jian Council.
  5750 | D:5      | Noticed Ijyb
  5752 | D:5      | Noticed Edmund
  5757 | D:5      | Killed Edmund
  5757 | D:5      | Killed Ijyb
  6119 | D:5      | Learned a level 3 spell: Swiftness
  6353 | D:6      | Reached XP level 9. HP: 59/65 MP: 1/18
  6663 | D:6      | Found a shadowy altar of Dithmenos.
  6866 | D:6      | Reached * piety under Vehumet
  6866 | D:6      | Offered knowledge of Shock by Vehumet.
  7286 | D:6      | Noticed Menkaure
  7289 | D:6      | Killed Menkaure
  7290 | D:6      | Reached skill level 5 in Invocations
  7928 | D:7      | Found a runed translucent gate.
  7928 | D:7      | Found a runed translucent gate.
  7928 | D:7      | Found a runed translucent gate.
  7963 | D:7      | Reached XP level 10. HP: 73/73 MP: 15/20
  8245 | D:7      | Reached skill level 5 in Fighting
  8245 | D:7      | Reached skill level 5 in Short Blades
  8245 | D:7      | Reached skill level 5 in Long Blades
  8245 | D:7      | Reached skill level 5 in Axes
  8245 | D:7      | Reached skill level 5 in Maces & Flails
  8245 | D:7      | Reached skill level 5 in Polearms
  8245 | D:7      | Reached skill level 5 in Staves
  8245 | D:7      | Reached skill level 5 in Slings
  8245 | D:7      | Reached skill level 5 in Bows
  8245 | D:7      | Reached skill level 5 in Crossbows
  8245 | D:7      | Reached skill level 5 in Throwing
  8245 | D:7      | Reached skill level 5 in Armour
  8245 | D:7      | Reached skill level 5 in Shields
  8245 | D:7      | Reached skill level 5 in Unarmed Combat
  8245 | D:7      | Reached skill level 5 in Evocations
  8341 | D:7      | Noticed Maggie
  8353 | D:7      | Killed Maggie
  8439 | D:7      | Found a staircase to the Ecumenical Temple.
  8457 | Temple   | Entered the Ecumenical Temple
  8755 | D:7      | Found Poshrujon's Serpentskin Sales.
  8976 | D:7      | Noticed Icepheonix32's ghost (weakling KoDe)
  9293 | D:8      | Found a blossoming altar of Fedhas.
  9364 | D:8      | Found a transporter.
  9377 | D:8      | Noticed Pikel
  9388 | D:8      | Killed Pikel
  9525 | D:8      | Found a sand-covered staircase.
  9534 | Ossuary  | Entered an ossuary
  9794 | Ossuary  | Offered knowledge of Foxfire by Vehumet.
  9823 | Ossuary  | Reached ** piety under Vehumet
 10116 | D:8      | Learned a level 1 spell: Foxfire
 10142 | D:8      | Found a transporter.
 10145 | D:8      | Noticed JBAR's ghost (novice MiFi)
 10274 | D:8      | Reached XP level 11. HP: 33/81 MP: 7/22
 10815 | D:8      | Reached skill level 5 in Hexes
 10815 | D:8      | Reached skill level 5 in Summonings
 10815 | D:8      | Reached skill level 5 in Necromancy
 10815 | D:8      | Reached skill level 5 in Translocations
 10815 | D:8      | Reached skill level 5 in Transmutations
 10815 | D:8      | Reached skill level 5 in Fire Magic
 10815 | D:8      | Reached skill level 5 in Ice Magic
 10815 | D:8      | Reached skill level 5 in Air Magic
 10815 | D:8      | Reached skill level 5 in Earth Magic
 10815 | D:8      | Reached skill level 5 in Poison Magic
 11308 | D:9      | Noticed Harold
 11312 | D:9      | Noticed a two-headed ogre
 11337 | D:8      | Killed Harold
 11563 | D:9      | Offered knowledge of Frozen Ramparts by Vehumet.
 11598 | D:9      | Killed a two-headed ogre
 11738 | D:9      | Noticed a cyclops
 11852 | D:9      | Killed a cyclops
 11866 | D:9      | Identified the amulet of the Distant Future {Harm Regen+
                  | rCorr}
 11866 | D:9      | Noticed a centaur warrior
 11866 | D:9      | Noticed a cyclops
 12493 | D:8      | Learned a level 6 spell: Invisibility
 12661 | D:9      | Killed a centaur warrior
 12666 | D:9      | Killed a cyclops
 12979 | D:9      | Noticed a green ugly thing
 12995 | D:9      | Killed a green ugly thing
 13043 | D:9      | Noticed a two-headed ogre
 13049 | D:9      | Reached *** piety under Vehumet
 13084 | D:8      | Reached XP level 12. HP: 66/89 MP: 6/24
 13197 | D:9      | Found a runed translucent door.
 13197 | D:9      | Noticed a centaur warrior
 13197 | D:9      | Noticed a rakshasa
 13198 | D:9      | Found a runed translucent door.
 13217 | D:9      | Found a runed translucent door.
 13217 | D:9      | Noticed a boulder beetle
 13217 | D:9      | Noticed a centaur warrior
 13313 | D:9      | Identified the +9 spear of Xihevyda {vorpal, rElec rC++
                  | rN+}
 13343 | D:9      | Killed a two-headed ogre
 13476 | D:9      | Found a staircase to the Orcish Mines.
 13557 | D:9      | Found a staircase to the Lair.
 13811 | D:9      | Noticed a fire dragon
 13887 | Lair:1   | Entered Level 1 of the Lair of Beasts
 13889 | Lair:1   | Noticed an eight-headed hydra
 13903 | Lair:1   | Killed an eight-headed hydra
 13910 | Lair:1   | Noticed a four-headed hydra
 13925 | Lair:1   | Killed a four-headed hydra
 14172 | Lair:1   | Offered knowledge of Hailstorm by Vehumet.
 14188 | D:9      | Learned a level 4 spell: Hailstorm
 15531 | Lair:1   | Identified the +7 hunting sling of Compassion {speed, rF+
                  | rCorr Dex-5}
 16358 | Lair:2   | Noticed a five-headed hydra
 16498 | Lair:2   | Noticed a five-headed hydra
 16503 | Lair:1   | Reached **** piety under Vehumet
 16573 | Lair:2   | Noticed a four-headed hydra
 16805 | Lair:2   | Offered knowledge of Irradiate by Vehumet.
 17069 | Lair:2   | Killed a four-headed hydra
 17070 | Lair:2   | Reached XP level 13. HP: 98/98 MP: 12/26
 18228 | Lair:2   | Identified the +6 war axe of Jicyl {drain, rElec Str+5
                  | Dex+2}
 18541 | Lair:2   | Reached skill level 10 in Conjurations
 18568 | Lair:2   | Found a staircase to the Swamp.
 19006 | Lair:3   | Found a staircase to the Snake Pit.
 19452 | Lair:3   | Reached ***** piety under Vehumet
 19455 | Lair:3   | Offered knowledge of Iskenderun's Battlesphere by Vehumet.
 20275 | Snake:1  | Entered Level 1 of the Snake Pit
 20331 | Lair:4   | Reached skill level 10 in Spellcasting
 20826 | Lair:4   | Found a runed translucent door.
 20828 | Lair:4   | Noticed Fuzxylutt's ghost (journeyman FeIE)
 21019 | Lair:4   | Reached XP level 14. HP: 106/106 MP: 21/28
 21313 | Lair:4   | Found a transporter.
 21314 | Lair:4   | Found a transporter.
 21358 | Lair:4   | Reached skill level 10 in Dodging
 21359 | Lair:4   | Identified the +2 pair of gloves "Intiuwah" {rF++ rC- rN+
                  | Slay+5}
 21933 | Lair:5   | Found a staircase to the Slime Pits.
 23085 | Lair:6   | Entered Level 6 of the Lair of Beasts
 23176 | Lair:6   | Reached skill level 10 in Stealth
 23552 | Orc:1    | Entered Level 1 of the Orcish Mines
 23819 | Orc:1    | Reached skill level 10 in Invocations
 24086 | Orc:1    | Offered knowledge of Eringya's Noxious Bog by Vehumet.
 24884 | Orc:2    | Entered Level 2 of the Orcish Mines
 25044 | Orc:2    | Noticed Saint Roka
 25126 | Orc:2    | Found Xoopit's Antique Weapon Shop.
 25280 | Orc:2    | Noticed an orc warlord
 25372 | Orc:2    | Paralysed by an orc sorcerer for 2 turns
 26127 | Orc:2    | Found Xoimil's Antique Armour Shoppe.
 26159 | Orc:2    | Gained mutation: You occasionally shout uncontrollably at
                  | your foes. [mutagenic glow]
 26351 | Orc:2    | Found Enwulite's General Store.
 26406 | Orc:2    | Bought a scroll of blinking for 90 gold pieces
 26406 | Orc:2    | Bought a scroll of identify for 24 gold pieces
 26887 | Orc:2    | Killed an orc warlord
 27171 | Orc:2    | Found Eraoz's Book Emporium.
 27197 | Orc:2    | Found a staircase to the Elven Halls.
 27198 | Orc:2    | Found Xirusem's Distillery.
 27206 | Orc:2    | Bought 2 potions of degeneration for 26 gold pieces
 27398 | D:10     | Entered Level 10 of the Dungeon
 27701 | D:10     | Found the +7 great mace "Firestarter" {inner flame, rF++}
 28818 | D:11     | Offered knowledge of Conjure Ball Lightning by Vehumet.
 28819 | D:11     | Reached XP level 15. HP: 115/115 MP: 23/29
 29405 | D:11     | Noticed Erica
 29411 | D:11     | Killed Erica
 29815 | Lair:6   | Found a runed translucent door.
 30035 | Lair:6   | Reached skill level 10 in Fighting
 30035 | Lair:6   | Reached skill level 10 in Short Blades
 30035 | Lair:6   | Reached skill level 10 in Long Blades
 30035 | Lair:6   | Reached skill level 10 in Axes
 30035 | Lair:6   | Reached skill level 10 in Maces & Flails
 30035 | Lair:6   | Reached skill level 10 in Polearms
 30035 | Lair:6   | Reached skill level 10 in Staves
 30035 | Lair:6   | Reached skill level 10 in Slings
 30035 | Lair:6   | Reached skill level 10 in Bows
 30035 | Lair:6   | Reached skill level 10 in Crossbows
 30035 | Lair:6   | Reached skill level 10 in Throwing
 30035 | Lair:6   | Reached skill level 10 in Armour
 30035 | Lair:6   | Reached skill level 10 in Shields
 30035 | Lair:6   | Reached skill level 10 in Unarmed Combat
 30035 | Lair:6   | Reached skill level 10 in Evocations
 31445 | Lair:6   | Offered knowledge of Ozocubu's Refrigeration by Vehumet.
 31964 | Lair:6   | Identified the +1 plate armour of Gumeatis {Harm Stlth+}
 32871 | Elf:1    | Entered Level 1 of the Elven Halls
 33446 | Elf:1    | Reached XP level 16. HP: 123/123 MP: 28/31
 33662 | Elf:1    | Paralysed by an air elemental for 1 turns
 33664 | Elf:1    | Paralysed by an air elemental for 1 turns
 33772 | Elf:1    | Paralysed by an air elemental for 1 turns
 34158 | Elf:1    | Offered knowledge of Iron Shot by Vehumet.
 34909 | Elf:1    | Identified the +6 falchion of the Beast {drain, rElec rC++
                  | Str-4 Int+4}
 34914 | Elf:1    | Reached skill level 10 in Fire Magic
 35053 | Elf:1    | Found a runed translucent gate.
 35053 | Elf:1    | Found a runed translucent gate.
 35053 | Elf:1    | Found a runed translucent gate.
 35053 | Elf:1    | Found a runed translucent gate.
 35053 | Elf:1    | Found a runed translucent gate.
 35054 | Elf:1    | Found a runed translucent gate.
 35605 | D:7      | Killed Icepheonix32's ghost
 35705 | D:7      | Bought a ring of poison resistance for 280 gold pieces
 37002 | Snake:1  | Identified the +10 quarterstaff of the Trees {drain, Will++
                  | Str+3 Stlth-}
 38397 | Swamp:1  | Entered Level 1 of the Swamp
 38614 | D:11     | Learned a level 6 spell: Iron Shot
 38884 | D:12     | Noticed Erolcha
 38890 | D:12     | Killed Erolcha
 40064 | D:13     | Noticed Frances
 40429 | D:13     | Killed Frances
 40703 | D:13     | Reached XP level 17. HP: 124/131 MP: 11/33
 40890 | D:14     | Found a gate to the Vaults.
 40893 | D:14     | Noticed Urug
 40895 | D:14     | Offered knowledge of Lightning Bolt by Vehumet.
 40902 | D:14     | Killed Urug
 41054 | D:14     | Found a gateway to a bazaar.
 41251 | D:14     | Found a flagged portal.
 41261 | Bailey   | Entered a bailey
 41716 | D:14     | Found a runed translucent gate.
 41716 | D:14     | Found a runed translucent gate.
 41716 | D:14     | Found a runed translucent gate.
 41718 | D:14     | Noticed Cicylist's ghost (journeyman FoFi)
 41720 | D:14     | Found a viscous altar of Jiyva.
 42495 | D:15     | Entered Level 15 of the Dungeon
 43364 | D:15     | Found a staircase to the Depths.
 43452 | D:15     | Reached ****** piety under Vehumet
 44001 | D:15     | Found a white marble altar of Elyvilon.
 44121 | D:15     | Identified the +11 rapier of Decaying Exoneration {vamp,
                  | rElec}
 44373 | Swamp:1  | Offered knowledge of Lehudib's Crystal Spear by Vehumet.
 44900 | Swamp:1  | Reached skill level 10 in Hexes
 44900 | Swamp:1  | Reached skill level 10 in Summonings
 44900 | Swamp:1  | Reached skill level 10 in Necromancy
 44900 | Swamp:1  | Reached skill level 10 in Translocations
 44900 | Swamp:1  | Reached skill level 10 in Transmutations
 44900 | Swamp:1  | Reached skill level 10 in Ice Magic
 44900 | Swamp:1  | Reached skill level 10 in Air Magic
 44900 | Swamp:1  | Reached skill level 10 in Earth Magic
 44900 | Swamp:1  | Reached skill level 10 in Poison Magic
 46146 | Swamp:1  | Succumbed to a swamp dragon's poison gas

Illustrated notes

Levels and vault maps discovered:
D:1:      minmay_arrival_loop, layout_loops_ring,
          dreamdust_ecumenical_altar_statues
D:2:      layout_basic, st_stairs_13, kennysheep_generic_room_9
D:3:      minmay_spotlight, layout_basic, serial_bayou_lake_a
D:4:      layout_basic, minmay_close_crescents, uniq_eustachio
D:5:      layout_layer_cave, lemuel_crystal_altar, minitemple, uniq_edmund,
          uniq_ijyb, uniq_blork_the_orc
D:6:      layout_loops_ring, amcnicky_altar_gilded, serial_park_tiny_1,
          minmay_ruffians, uniq_menkaure
D:7:      layout_rooms, minmay_temple_entry_sparse_star, gammafunk_ghost_icy,
          guppyfry_shop_venom, uniq_maggie
D:8:      cheibrodos_grave_circle, layout_basic, mainiacjoe_overflow_chevrons,
          nicolae_ossuary_entry_monument, gammafunk_ghost_stat_death, uniq_pikel
D:9:      minmay_the_grid_triangle_9x9_recursive_2
          [minmay_the_grid_triangle_9x9_prize_insulated,
          minmay_the_grid_triangle_9x9_fully_insulated_deathbox,
          minmay_the_grid_triangle_9x9_longest,
          minmay_the_grid_triangle_9x9_thin_v], layout_basic,
          grunt_lair_entry_orc_guard_hut, david_orc_3, uniq_harold
D:10:     minmay_firetagon, layout_gridville
D:11:     layout_roguey, uniq_erica
D:12:     layout_basic, uniq_erolcha
D:13:     layout_gridville, uniq_frances
D:14:     layout_roguey, david_vaults_3, nicolae_two_hexagons, serial_shops,
          bzr_entry_water, enter_bailey_7, gammafunk_ghost_ooze
D:15:     hangedman_depths_entry_civil_slaughter, layout_rooms,
          nicolae_elyvilon_temple_path
Temple:   compressed_dpeg_triangle_lava_temple
Lair:1:   layout_loops_ring, serial_bayou_lagoon_b, grunt_megastairs_2
Lair:2:   layout_regular_city, nicolae_swamp_entry_splash_gauntlet
Lair:3:   layout_gridlike, dummy_snake_entry, fungi_pond_lemuel
Lair:4:   gammafunk_boulding_lane, layout_concentric_octagons,
          ebering_ghost_inner_flame
Lair:5:   layout_gridlike, nicolae_slime_entry_slimehenge, special_room
          [special_room_bee]
Lair:6:   hangedman_lair_caniforms_friends, layout_cave_shapes, wormcave
Swamp:1:  layout_falls_marsh, evilmike_swamp_ruin_house_5
Swamp:2:  layout_falls_marsh, nicolae_swamp_orc_logging_accident, swamp_pool4,
          infiniplex_staircase_pool_2
Snake:1:  layout_grid_maze, serial_bayou_shore_a
Snake:2:  layout_cave_pods
Orc:1:    layout_caves, mines1_david
Orc:2:    grunt_orc_gardens, layout_caves, grunt_orc_garden, grunt_orc_garden,
          grunt_orc_garden, grunt_orc_garden, serial_shops,
          nicolae_shop_statue_plus, uniq_saint_roka
Elf:1:    nicolae_elf_arrival_fired_up, layout_geoelf_diagonals, orc_legates,
          nrook_mini_backslash, corner_web_ring

Skill      XL: |  1  2  3  4  5  6  7  8  9 10 11 12 13 14 15 16 17 |
---------------+----------------------------------------------------+-----
Spellcasting   | 5 6 7 8 9 10 11 12 | 12.6
Invocations    | 1 2 3 4 5 6 7 8 9 10 11 12 | 12.7
Fighting       | 1 2 3 4 5 6 7 8 9 10 11 | 11.8
Short Blades   | 1 2 3 4 5 6 7 8 9 10 11 | 11.8
Long Blades    | 1 2 3 4 5 6 7 8 9 10 11 | 11.8
Axes           | 1 2 3 4 5 6 7 8 9 10 11 | 11.8
Maces & Flails | 1 2 3 4 5 6 7 8 9 10 11 | 11.8
Polearms       | 1 2 3 4 5 6 7 8 9 10 11 | 11.8
Staves         | 1 2 3 4 5 6 7 8 9 10 11 | 11.8
Slings         | 1 2 3 4 5 6 7 8 9 10 11 | 11.8
Bows           | 1 2 3 4 5 6 7 8 9 10 11 | 11.8
Crossbows      | 1 2 3 4 5 6 7 8 9 10 11 | 11.8
Throwing       | 1 2 3 4 5 6 7 8 9 10 11 | 11.8
Armour         | 1 2 3 4 5 6 7 8 9 10 11 | 11.8
Shields        | 1 2 3 4 5 6 7 8 9 10 11 | 11.8
Unarmed Combat | 1 2 3 4 5 6 7 8 9 10 11 | 11.8
Evocations     | 1 2 3 4 5 6 7 8 9 10 11 | 11.8
Hexes          | 1 2 3 4 5 6 7 8 9 10 | 10.1
Summonings     | 1 2 3 4 5 6 7 8 9 10 | 10.1
Necromancy     | 1 2 3 4 5 6 7 8 9 10 | 10.1
Translocations | 1 2 3 4 5 6 7 8 9 10 | 10.1
Transmutations | 1 2 3 4 5 6 7 8 9 10 | 10.1
Fire Magic     | 1 2 3 4 5 6 7 8 9 10 11 | 11.6
Ice Magic      | 1 2 3 4 5 6 7 8 9 10 | 10.1
Air Magic      | 1 2 3 4 5 6 7 8 9 10 | 10.1
Earth Magic    | 1 2 3 4 5 6 7 8 9 10 | 10.1
Poison Magic   | 1 2 3 4 5 6 7 8 9 10 | 10.1
Dodging        | 5 6 7 8 9 10 11 12 | 12.5
Stealth        | 5 6 7 8 9 10 11 12 | 12.4
Conjurations   | 8 9 10 11 12 | 12.1

Action                   |  1- 3 |  4- 6 |  7- 9 | 10-12 | 13-15 | 16-18 || total
-------------------------+-------+-------+-------+-------+-------+-------++-------
Melee: Staff             |       |       |     8 |     7 |    17 |    72 ||   104
       Bite              |       |       |     2 |     2 |     2 |     5 ||    11
       Mace              |       |       |       |    10 |       |       ||    10
       Dagger            |       |       |       |     4 |    21 |     8 ||    33
Throw: Dart              |       |       |       |       |       |    23 ||    23
 Cast: Magic Dart        |    54 |    43 |    93 |    86 |   136 |     9 ||   421
       Searing Ray       |     4 |    11 |    32 |   124 |   176 |    55 ||   402
       Fulminant Prism   |       |       |     6 |    50 |   252 |   164 ||   472
       Iskenderun's Myst |       |       |     4 |    19 |    79 |    28 ||   130
       Swiftness         |       |       |       |     3 |     2 |       ||     5
       Foxfire           |       |       |       |    10 |    21 |     4 ||    35
       Invisibility      |       |       |       |     3 |    10 |     9 ||    22
       Dazzling Flash    |       |       |       |     1 |     7 |     1 ||     9
       Hailstorm         |       |       |       |       |    13 |     7 ||    20
       Iron Shot         |       |       |       |       |       |   152 ||   152
Evoke: Wand              |       |       |       |     2 |     4 |       ||     6
  Use: Scroll            |       |       |       |     7 |    10 |     9 ||    26
       Potion            |       |       |       |       |       |     4 ||     4
 Stab: Sleeping          |       |       |     1 |     2 |     6 |     2 ||    11
       Invisible         |       |       |       |       |     2 |       ||     2
Armor: Robe              |     3 |     3 |       |       |       |       ||     6
       Leather armour    |       |       |    19 |   116 |       |       ||   135
       Steam dragon scal |       |       |       |     4 |    31 |       ||    35
       Troll leather arm |       |       |       |       |    51 |    58 ||   109
Dodge: Dodged            |     5 |    11 |    34 |   155 |   186 |   219 ||   610
Block: Buckler           |       |       |       |     2 |    85 |    78 ||   165
